Map: Snowy Mesa

Players

Tenonee

  • Race: Zerg Zerg

IIIIIIIIIIII

  • Race: Zerg Zerg
  • League: Master

Chuckles - Winner!

  • Race: Zerg Zerg

RuggedRaw - Winner!

  • Race: Protoss Protoss

VOD

Have the link to the VOD?

Description

Time

  • Played on: July 18, 2016, 6:58 a.m.
  • Length: 14:07
Show
View Real Time Build Order
Export as new Build Order

Tenonee Zerg 

Build Orders: Hatch First 

Get SALT Encoding   

  12  0:01  Drone  
  13  0:15  Drone  
  14  0:37  Hatchery  
  14  0:39  Extractor  
  12  0:45  Drone x2  
  14  1:03  Spawning Pool  
  13  1:13  Overlord  
  13  1:21  Drone  
  14  1:34  Drone x2  
  16  1:51  Metabolic Boost  
  16  1:53  Queen  
  18  1:59  Queen  
  20  2:07  Drone  
  21  2:18  Zergling x6  
  24  2:34  Drone  
  24  2:35  Drone  
  26  2:42  Spore Crawler  
  25  2:50  Drone x3, Roach Warren  
  27  2:57  Spore Crawler  
  26  3:04  Drone x2  
  28  3:19  Overlord  
  28  3:20  Overlord  
  28  3:37  Overlord  
  28  3:40  Roach x4  
  36  3:46  Drone x3  
  39  4:07  Drone x2  
  39  4:08  Drone x6  
  47  4:19  Lair  
  47  4:22  Extractor  
  45  4:32  Drone x3  
  48  4:53  Overlord x2  
  48  5:04  Overlord x2  
  48  5:16  Hatchery, Drone  
  48  5:17  Drone x10  
  58  5:21  Glial Reconstitution  
  58  5:33  Extractor  
  58  5:34  Drone x4  
  58  5:35  Drone, Extractor  
  61  5:47  Queen  
  63  6:00  Overlord x4  
  63  6:10  Drone  
  63  6:11  Drone x5  
  69  6:26  Overlord x2  
  71  6:33  Roach x7  
  83  6:42  Roach x2  
  83  6:43  Roach  
  89  6:48  Evolution Chamber, Pneumatized Carapace  
  89  6:49  Evolution Chamber  
  89  6:50  Roach x2  
  89  7:18  Roach  
  89  7:19  Roach x10  
  105  7:25  Spire  
  102  7:30  Spore Crawler  
  102  7:31  Drone  
  102  7:32  Spore Crawler  
  102  7:33  Ravager  
  102  7:34  Ravager x5  
  102  7:37  Roach x3  
  111  7:41  Extractor  
  111  7:42  Extractor  
  111  7:54  Roach  
  111  7:55  Roach x7  
  121  8:06  Drone x3  
  121  8:07  Drone x2  
  121  8:08  Drone  
  121  8:09  Drone  
  128  8:13  Ravager x2  
  130  8:20  Overlord  
  130  8:21  Overlord x2  
  130  8:22  Overlord x2  
  130  8:30  Zerg Ground Armor Level 1, Zerg Missile Weapons Level 1  
  130  8:33  Overlord x2  
  130  8:40  Zerg Flyer Weapons Level 1  
  130  8:44  Drone x3  
  130  8:45  Drone  
  115  8:57  Hatchery  
  91  9:04  Corruptor  
  91  9:05  Corruptor x3  
  83  9:20  Corruptor x3  
  89  9:28  Infestation Pit  
  84  9:44  Corruptor x3  
  84  9:48  Drone x3  
  84  9:49  Drone x3  
  84  9:50  Drone x2  
  84  9:51  Drone x4  
  96  9:54  Extractor  
  96  9:55  Extractor  
  94  10:01  Queen  
  96  10:07  Hive  
  96  10:09  Corruptor x2  
  96  10:11  Queen  
  102  10:17  Drone x3  
  107  10:21  Roach  
  107  10:22  Roach x7  
  121  10:34  Zerg Flyer Armor Level 1  
  121  10:41  Zerg Ground Armor Level 2  
  121  10:47  Corruptor x2  
  125  10:53  Roach x5  
  125  10:54  Roach  
  137  11:01  Drone  
  134  11:05  Corruptor x2  
  134  11:09  Ravager  
  137  11:16  Spore Crawler  
  137  11:18  Spore Crawler  
  96  11:53  Corruptor x2  
  96  11:54  Corruptor x5  
  96  12:00  Extractor  
  103  12:01  Hatchery, Roach  
  103  12:02  Roach x9  
  103  12:03  Extractor, Roach x7  
  103  12:06  Overseer  
  135  12:08  Overseer  
  131  12:17  Roach x2  
  131  12:18  Roach  
  113  12:36  Roach  
  105  12:37  Roach x5  
  85  12:59  Corruptor x4  
  85  13:00  Corruptor x2  
  89  13:06  Spore Crawler  
  89  13:09  Spore Crawler  
  89  13:11  Corruptor  
Show
View Real Time Build Order
Export as new Build Order

IIIIIIIIIIII Zerg 

Build Orders: Hatch First, Lurkers 

Get SALT Encoding   

  12  0:01  Drone  
  13  0:09  Drone  
  14  0:17  Overlord  
  14  0:27  Extractor  
  13  0:28  Drone  
  15  0:37  Drone x2  
  17  0:47  Drone  
  18  0:59  Drone  
  18  1:00  Hatchery  
  18  1:06  Extractor  
  18  1:07  Drone  
  18  1:19  Spawning Pool  
  18  1:21  Drone  
  18  1:29  Drone  
  19  1:40  Overlord  
  19  1:49  Drone  
  20  2:02  Drone  
  20  2:08  Metabolic Boost  
  21  2:11  Queen x2  
  21  2:13  Drone x2  
  27  2:24  Drone x2  
  29  2:31  Drone  
  29  2:37  Drone  
  31  2:46  Hatchery  
  31  2:47  Drone  
  31  2:51  Drone  
  32  2:53  Drone  
  32  2:56  Overlord  
  33  3:07  Baneling Nest  
  33  3:08  Drone x2  
  34  3:15  Drone  
  35  3:24  Zergling x12  
  35  3:25  Zergling x2  
  42  3:32  Overlord  
  42  3:43  Zergling x4  
  42  3:47  Overlord  
  44  3:55  Zergling x14  
  51  3:58  Queen  
  53  4:12  Zergling x10  
  58  4:17  Overlord  
  58  4:29  Spore Crawler  
  57  4:32  Spore Crawler x2  
  57  4:35  Spore Crawler  
  54  4:43  Spore Crawler x2  
  52  4:48  Zergling x2  
  52  4:49  Zergling x16  
  56  5:03  Zergling x12  
  55  5:17  Zergling x10  
  55  5:18  Zergling x2  
  59  5:32  Zergling x2  
  59  5:33  Zergling x8  
  59  5:39  Drone  
  59  5:41  Drone x2  
  52  6:01  Zergling x2  
  52  6:02  Zergling x10  
  47  6:26  Drone  
  47  6:28  Drone x7  
  47  6:29  Drone x3  
  58  6:32  Roach Warren  
  57  6:48  Lair  
  57  6:50  Extractor  
  57  6:53  Evolution Chamber  
  57  6:54  Evolution Chamber  
  54  6:55  Drone x3  
  54  6:56  Drone x4  
  61  7:16  Overlord x4  
  61  7:19  Pneumatized Carapace  
  61  7:21  Extractor  
  60  7:23  Extractor  
  60  7:28  Zerg Missile Weapons Level 1  
  60  7:29  Zerg Ground Armor Level 1  
  59  7:32  Overlord x4  
  59  7:49  Spore Crawler  
  56  7:51  Spore Crawler  
  55  7:58  Drone  
  55  7:59  Drone x6  
  55  8:00  Drone x7, Hydralisk Den  
  68  8:06  Drone x3  
  68  8:10  Glial Reconstitution  
  71  8:24  Spore Crawler  
  71  8:25  Spore Crawler  
  69  8:29  Extractor  
  69  8:30  Drone x6  
  69  8:31  Drone  
  75  8:35  Muscular Augments  
  75  8:37  Overlord  
  75  8:48  Drone  
  75  8:49  Drone  
  75  8:55  Hydralisk x5  
  77  8:56  Hydralisk  
  89  9:06  Hydralisk x3  
  89  9:07  Hydralisk  
  97  9:22  Overlord x3  
  97  9:31  Overlord x3  
  97  9:36  Zerg Missile Weapons Level 2  
  97  9:37  Zerg Ground Armor Level 2  
  97  9:44  Hydralisk x3  
  97  9:45  Hydralisk x3  
  107  9:47  Hydralisk  
  111  9:59  Lurker Den  
  111  10:05  Drone, Extractor  
  111  10:06  Drone  
  112  10:08  Drone  
  113  10:17  Hatchery  
  113  10:19  Hydralisk x6  
  113  10:20  Hydralisk  
  126  10:44  Drone, Hydralisk x3  
  126  10:45  Hydralisk x6  
  145  10:57  Drone  
  146  11:00  Extractor x2  
  146  11:02  Hydralisk  
  146  11:09  Overseer  
  146  11:13  Overlord  
  146  11:14  Overlord x5  
  146  11:28  Queen  
  146  11:31  Drone x2  
  150  11:35  Spore Crawler  
  150  11:37  Spore Crawler  
  148  11:41  Lurker x6  
  148  11:42  Lurker x3  
  157  11:49  Hydralisk x2  
  157  11:50  Hydralisk  
  157  11:51  Hydralisk  
  158  12:06  Overseer x4  
  153  12:18  Roach x4  
  153  12:19  Roach x6  
  153  12:20  Roach  
  105  12:47  Hydralisk x4  
  105  12:48  Hydralisk x5  
  118  12:59  Roach x2  
  118  13:00  Roach x4  
  121  13:26  Hydralisk x5  
  121  13:27  Hydralisk x5  
Show
View Real Time Build Order
Export as new Build Order

Chuckles Zerg - Winner!

Build Orders: Pool First, Lurkers 

Get SALT Encoding   

  12  0:01  Drone  
  13  0:09  Drone  
  14  0:17  Overlord  
  14  0:29  Extractor, Drone  
  14  0:30  Extractor, Drone  
  15  0:45  Spawning Pool  
  15  0:47  Drone  
  15  0:51  Drone  
  16  0:59  Drone  
  17  1:14  Overlord  
  17  1:37  Zergling x4  
  17  1:38  Hatchery  
  17  1:39  Zergling x2  
  19  1:49  Queen  
  19  1:53  Zergling x2  
  22  2:00  Metabolic Boost  
  22  2:23  Drone  
  22  2:24  Drone x2  
  22  2:29  Queen  
  27  2:40  Overlord  
  27  2:47  Drone  
  27  2:50  Queen  
  30  2:58  Drone x2  
  32  3:02  Roach Warren  
  31  3:16  Drone x2  
  33  3:26  Overlord  
  33  3:31  Drone  
  34  3:42  Roach x5  
  44  3:53  Extractor  
  44  3:55  Extractor  
  42  3:58  Hatchery  
  41  4:11  Drone x4  
  41  4:14  Drone  
  41  4:15  Drone  
  47  4:21  Drone  
  47  4:22  Drone  
  49  4:32  Lair  
  49  4:33  Drone  
  49  4:37  Drone  
  51  4:42  Drone  
  51  4:44  Overlord  
  52  4:50  Overlord  
  38  5:07  Roach x5  
  38  5:11  Roach  
  38  5:13  Roach  
  52  5:16  Roach  
  52  5:19  Roach  
  56  5:22  Roach  
  56  5:26  Roach  
  60  5:31  Roach x2  
  60  5:35  Roach  
  60  5:38  Roach  
  54  5:48  Roach x2  
  52  6:00  Roach x2  
  52  6:01  Roach  
  52  6:02  Roach  
  48  6:15  Roach  
  50  6:23  Roach  
  50  6:25  Zergling x2  
  50  6:26  Zergling x14  
  58  6:33  Queen  
  60  6:50  Drone  
  60  6:51  Drone x7  
  68  6:54  Glial Reconstitution  
  68  6:59  Drone  
  68  7:00  Drone  
  68  7:15  Drone x4  
  71  7:21  Overlord  
  72  7:37  Queen, Infestation Pit  
  72  7:39  Extractor  
  72  7:41  Evolution Chamber  
  72  7:43  Evolution Chamber  
  70  7:46  Hydralisk Den  
  70  7:51  Drone x11  
  77  7:56  Overlord  
  77  7:57  Overlord  
  81  8:01  Overlord  
  81  8:14  Lurker Den  
  81  8:22  Drone  
  81  8:23  Drone x5  
  81  8:24  Drone  
  81  8:27  Extractor  
  87  8:28  Extractor  
  87  8:29  Queen  
  87  8:33  Hatchery  
  87  8:38  Ravager x6  
  87  8:40  Roach  
  95  8:41  Overlord x2  
  92  9:01  Roach x6  
  96  9:09  Drone x2  
  98  9:23  Zerg Missile Weapons Level 1, Zerg Ground Armor Level 1  
  98  9:24  Hatchery  
  98  9:30  Hydralisk  
  98  9:31  Hydralisk  
  99  9:32  Overlord  
  99  9:33  Overlord x3  
  99  9:34  Drone  
  99  9:35  Drone x2  
  104  9:55  Hydralisk x5  
  104  9:58  Extractor  
  113  10:01  Extractor  
  113  10:04  Drone x7  
  119  10:37  Lurker x7  
  119  10:40  Zergling x26  
  139  10:59  Infestation Pit  
  139  11:03  Hydralisk x3  
  144  11:05  Overlord x4  
  144  11:06  Overlord x3  
  144  11:23  Hydralisk x8, Queen  
  144  11:25  Overlord x2  
  153  11:54  Zergling x20  
  153  11:55  Zergling x4  
  153  11:57  Hive  
  153  11:58  Zerg Melee Weapons Level 1  
  158  12:04  Drone  
  158  12:05  Drone x2  
  158  12:06  Drone  
  156  12:13  Overseer  
  156  12:14  Overseer x2  
  146  12:24  Lurker x5  
  148  12:31  Pneumatized Carapace  
  91  12:54  Overseer  
  87  13:04  Hatchery, Spire  
  85  13:09  Hydralisk  
  85  13:10  Hydralisk x8  
  85  13:11  Roach x11  
  85  13:12  Roach x13  
  139  13:35  Ultralisk Cavern  
  139  13:39  Zergling x2  
  139  13:40  Zergling x40  
  159  13:57  Lurker x4  
  159  13:58  Lurker x2  
Show
View Real Time Build Order
Export as new Build Order

RuggedRaw Protoss - Winner!

Build Orders: 1 Gate Expand, Phoenix Opening 

Get SALT Encoding   

  12  0:01  Probe (Chrono Boost)  
  13  0:12  Probe (Chrono Boost)  
  14  0:17  Pylon  
  14  0:26  Probe (Chrono Boost)  
  15  0:37  Probe (Chrono Boost)  
  15  0:38  Gateway  
  16  0:45  Assimilator  
  16  0:50  Probe (Chrono Boost)  
  17  1:03  Probe (Chrono Boost)  
  18  1:14  Probe (Chrono Boost)  
  19  1:24  Probe (Chrono Boost)  
  20  1:29  Nexus  
  20  1:40  Cybernetics Core  
  20  1:45  Assimilator  
  20  1:49  Probe (Chrono Boost)  
  21  1:55  Pylon  
  21  1:59  Probe (Chrono Boost)  
  22  2:11  Probe (Chrono Boost)  
  23  2:19  Stargate  
  23  2:22  Probe (Chrono Boost)  
  24  2:33  Probe (Chrono Boost)  
  25  2:37  Assimilator  
  25  2:40  Stargate  
  26  2:44  Probe x2 (Chrono Boost)  
  27  2:55  Pylon  
  27  2:56  Probe x2 (Chrono Boost)  
  29  3:03  Phoenix  
  31  3:10  Probe x2 (Chrono Boost)  
  33  3:21  Probe (Chrono Boost), Phoenix  
  33  3:22  Probe (Chrono Boost)  
  37  3:28  Phoenix  
  39  3:38  Probe x2 (Chrono Boost)  
  41  3:44  Pylon  
  41  3:46  Phoenix  
  41  3:55  Probe x2 (Chrono Boost)  
  45  3:57  Phoenix  
  47  4:07  Probe x2 (Chrono Boost)  
  49  4:10  Phoenix  
  51  4:22  Phoenix  
  51  4:29  Probe x2 (Chrono Boost)  
  55  4:31  Phoenix  
  55  4:32  Pylon  
  55  4:38  Assimilator  
  57  4:44  Phoenix  
  59  4:47  Probe x2 (Chrono Boost)  
  61  4:53  Pylon, Phoenix  
  63  5:12  Phoenix  
  58  5:15  Phoenix  
  51  5:38  Phoenix  
  51  5:40  Probe (Chrono Boost)  
  51  5:41  Probe (Chrono Boost)  
  52  5:59  Void Ray  
  56  6:14  Probe x2 (Chrono Boost)  
  54  6:25  Probe (Chrono Boost)  
  56  6:35  Probe (Chrono Boost), Mothership Core (Chrono Boost)  
  58  6:46  Probe (Chrono Boost)  
  59  6:47  Phoenix  
  59  6:54  Probe (Chrono Boost)  
  62  6:56  Probe (Chrono Boost)  
  63  7:01  Phoenix  
  63  7:04  Probe (Chrono Boost)  
  63  7:07  Probe (Chrono Boost)  
  67  7:15  Probe (Chrono Boost), Nexus  
  68  7:17  Probe (Chrono Boost)  
  69  7:24  Phoenix  
  69  7:25  Probe (Chrono Boost)  
  69  7:26  Phoenix  
  69  7:28  Probe (Chrono Boost)  
  75  7:36  Probe (Chrono Boost), Pylon  
  76  7:38  Probe (Chrono Boost)  
  77  7:46  Probe (Chrono Boost)  
  78  7:55  Probe (Chrono Boost)  
  78  7:56  Phoenix  
  78  7:57  Phoenix  
  78  7:58  Probe (Chrono Boost)  
  84  8:05  Probe (Chrono Boost)  
  85  8:09  Assimilator  
  85  8:10  Assimilator  
  85  8:16  Probe (Chrono Boost), Stargate  
  86  8:26  Probe (Chrono Boost)  
  87  8:35  Fleet Beacon  
  87  8:46  Pylon  
  87  8:48  Pylon  
  85  9:11  Probe x3 (Chrono Boost)  
  88  9:19  Tempest  
  88  9:20  Tempest  
  88  9:21  Probe (Chrono Boost)  
  88  9:22  Tempest  
  101  9:27  Probe x2 (Chrono Boost)  
  103  9:32  Probe (Chrono Boost)  
  103  9:38  Probe x2 (Chrono Boost)  
  106  9:50  Probe x3 (Chrono Boost)  
  109  9:57  Pylon  
  109  9:58  Pylon  
  109  10:01  Probe x3 (Chrono Boost)  
  109  10:05  Tempest  
  112  10:11  Tempest  
  116  10:19  Tempest  
  116  10:20  Probe x3 (Chrono Boost)  
  127  10:38  Protoss Air Weapons Level 1  
  127  10:42  Cybernetics Core  
  127  10:47  Tempest  
  127  10:51  Nexus  
  131  11:00  Tempest  
  131  11:02  Pylon  
  125  11:05  Pylon  
  129  11:17  Tempest  
  133  11:39  Tempest x2  
  147  11:53  Assimilator  
  143  11:55  Assimilator, Tempest  
  143  12:00  Protoss Air Armor Level 1  
  147  12:15  Probe (Chrono Boost)  
  151  12:16  Probe x3 (Chrono Boost), Tempest  
  155  12:25  Tempest  
  153  12:36  Stargate x2  
  141  12:46  Tempest  
  135  12:53  Tempest  
  131  13:06  Tempest  
  135  13:19  Pylon x2  
  135  13:21  Pylon x2  
Tags
 
Add a new tag
Caveats
  • Supply blocks, unpowered buildings, or Contaminate may cause inaccurate times.
  • Supply counts are checked every 10 seconds.